 Dungeon Crawl Stone Soup version 0.22-a0-283-g1871b15 (webtiles) character file.

1024 grindst0ne the Covert (level 8, 0/41 HPs)
             Began as a Kobold Conjurer on Mar 19, 2018.
             Was an Initiate of Ru.
             Slain by a hornet zombie (10 damage)
             ... on level 5 of the Dungeon.
             The game lasted 00:22:37 (7538 turns).

grindst0ne the Covert (Kobold Conjurer)             Turns: 7538, Time: 00:22:38

Health: 0/41       AC:  3    Str:  5    XL:     8   Next: 46%
Magic:  6/12       EV: 15    Int: 19    God:    Ru [......]
Gold:   268        SH:  0    Dex: 15    Spells: 1/13 levels left

rFire    . . .     SeeInvis .   a - +1 short sword (protect)
rCold    . . .     Gourm    .   (shield restricted)
rNeg     . . .     Faith    .   e - +0 robe
rPois    .         Spirit   .   (no helmet)
rElec    .         Reflect  .   (no cloak)
rCorr    .         Harm     .   d - +0 pair of gloves
MR       .....                  (no boots)
Stlth    ++++......             (no amulet)
HPRegen  0.13/turn              (no ring)
MPRegen  0.13/turn              (no ring)

@: no status effects
A: small, carnivore
a: Renounce Religion


You were on level 5 of the Dungeon.
You worshipped Ru.
Ru was noncommittal.
You were completely stuffed.

You visited 2 branches of the dungeon, and saw 6 of its levels.

You collected 268 gold pieces.

Inventory:

Hand Weapons
 a - a +1 short sword of protection (weapon)
 b - a +0 blowgun
 j - a +0 dagger
 k - a cursed -1 short sword
 o - a cursed -2 short sword
 r - a +2 trident of flaming
 y - a +0 dagger of electrocution
Missiles
 t - 13 poisoned needles
 A - a throwing net (quivered)
Armour
 d - a +0 pair of gloves (worn)
 e - a +0 robe (worn)
Wands
 w - a wand of iceblast (3)
 x - a wand of polymorph (10)
Scrolls
 f - a scroll of blinking {unknown}
 h - 2 scrolls of amnesia {unknown}
 i - a scroll of immolation {unknown}
 l - 4 scrolls of remove curse {unknown}
 m - a scroll of teleportation {unknown}
 n - 2 scrolls of magic mapping {unknown}
 p - a scroll of fear
 v - 2 scrolls of enchant weapon {unknown}
 z - 2 scrolls of identify
Potions
 g - 5 potions of degeneration
 q - a potion of cancellation
 s - 2 potions of agility
 u - a potion of resistance {unknown}
 C - a potion of magic {unknown}
Comestibles
 c - 5 rations


   Skills:
 - Level 2.4 Dodging
 - Level 8.1 Stealth
 - Level 3.0 Spellcasting
 + Level 6.9 Conjurations
 + Level 4.4 Hexes


You had one spell level left.
You knew the following spells:

 Your Spells              Type           Power        Failure   Level  Hunger
a - Magic Dart            Conj           ####         1%          1    None
b - Dazzling Spray        Conj/Hex       ###...       4%          3    ###....
c - Fulminant Prism       Conj/Hex       ###.......   14%         4    ####...
d - Iskenderun's Mystic   Conj           ####....     9%          4    ####...


Dungeon Overview and Level Annotations

Branches:
Dungeon (5/15)             Temple (1/1) D:5

Altars:
Cheibriados
Elyvilon
Fedhas
Gozag
Kikubaaqudgha
Makhleb
Okawaru
Qazlal
Ru
Sif Muna
Uskayaw
Vehumet
Xom
Yredelemnul
Zin
Jiyva

Annotations:
D:1 exclusion: downstairs
D:2 exclusion: downstairs
D:3 DEFE's ghost, amateur CeFi


Innate Abilities, Weirdness & Mutations

You are small and have problems with some larger weapons.
You are carnivorous and can eat meat at any time.


Message History

Aim: a hornet zombie (moderately damaged)
The magic dart hits the hornet zombie.
The hornet zombie is moderately damaged.
The hornet zombie hits you!
You closely miss the hornet zombie.
The hornet zombie is moderately damaged.
The hornet zombie barely misses you.
You closely miss the hornet zombie.
The hornet zombie is moderately damaged.
The hornet zombie hits you.
The hornet zombie completely misses you.
You closely miss the hornet zombie.
The hornet zombie is moderately damaged.
The hornet zombie completely misses you.
You barely miss the hornet zombie.
The hornet zombie is moderately damaged.
The hornet zombie hits you!
* * * LOW HITPOINT WARNING * * *
The hornet zombie hits you!
You die...

#.#####.#.. .....####
#.#.......## #..#.....
#.#......... ..>....##
###.#.......####.#.....#
........≈≈≈.........#
.......≈≈§≈≈.###.##.#
......≈§≈≈§≈≈# #[#
......§≈≈>≈§≈# #.#
......≈≈§§≈≈§# #@#######
.......≈≈§≈≈..##.Z......
........≈≈≈.............
......#####.............
......# #.............
......# #.......?.....
####### #.............
#.............
#.............


You could see a hornet zombie.

Vanquished Creatures
  3 ogres
  5 wights (D:4)
  A howler monkey (D:4)
  A bullfrog zombie (D:5)
  2 orc priests (D:4)
  3 worker ants
  5 orc wizards
  8 adders
  4 oozes
  An adder skeleton (D:4)
  7 worms
  A dart slug (D:3)
  3 leopard geckos
  12 orcs
  7 bats
  6 giant cockroaches
  9 goblins
  8 hobgoblins
  13 jackals
  4 quokkas
  A ball python (D:1)
  6 frilled lizards
  9 kobolds
  10 rats
129 creatures vanquished.

Notes
Turn   | Place    | Note
-------+----------+-------------------------------------------
     0 | D:1      | grindst0ne the Kobold Conjurer began the quest for the Orb.
     0 | D:1      | Reached XP level 1. HP: 10/10 MP: 3/3
    98 | D:1      | Reached skill level 3 in Stealth
    98 | D:1      | Reached XP level 2. HP: 15/15 MP: 0/5
   286 | D:1      | Reached XP level 3. HP: 19/19 MP: 1/6
  1268 | D:1      | Learned a level 3 spell: Dazzling Spray
  1291 | D:1      | Reached XP level 4. HP: 24/24 MP: 1/8
  1308 | D:1      | Reached skill level 4 in Stealth
  2129 | D:2      | Found a hide-covered altar of Uskayaw.
  2129 | D:2      | Noticed a dagger
  2132 | D:2      | Noticed a hand axe
  2418 | D:2      | Reached XP level 5. HP: 28/28 MP: 3/9
  2436 | D:2      | Found a blossoming altar of Fedhas.
  2600 | D:3      | Reached skill level 5 in Stealth
  2621 | D:3      | Learned a level 4 spell: Fulminant Prism
  2705 | D:3      | Reached skill level 5 in Conjurations
  3198 | D:3      | Reached skill level 1 in Hexes
  3198 | D:3      | Reached XP level 6. HP: 32/32 MP: 2/10
  3526 | D:3      | Noticed DEFE's ghost (amateur CeFi)
  3600 | D:3      | Found a basalt altar of Yredelemnul.
  3720 | D:3      | Found a stormy altar of Qazlal.
  4299 | D:4      | Reached skill level 6 in Stealth
  4815 | D:4      | Reached XP level 7. HP: 36/36 MP: 6/11
  4846 | D:4      | Learned a level 4 spell: Iskenderun's Mystic Blast
  5385 | D:4      | Reached skill level 7 in Stealth
  6053 | D:4      | Reached XP level 8. HP: 12/41 MP: 2/12
  6721 | D:5      | Entered Level 5 of the Dungeon
  6950 | D:5      | Reached skill level 8 in Stealth
  7369 | D:5      | Found a staircase to the Ecumenical Temple.
  7378 | Temple   | Entered the Ecumenical Temple
  7500 | Temple   | Became a worshipper of Ru the Awakened
  7538 | D:5      | Slain by a hornet zombie

Vault maps used:
D:1:      erik_arrival_gehennom
D:2:      marbit_many_paths, dancing_weapons_uskayaw
D:3:      nicolae_overflow_hidden_temple, lemuel_doored_altar, first_ration
D:4:      kennysheep_generic_room_5
D:5:      minmay_temple_entry_mist, uniq_prince_ribbit1
Temple:   pf_slime_end_temple

Skill      XL: |  1  2  3  4  5  6  7  8 |
---------------+-------------------------+-----
Stealth        | 3 4 5 6 7 8 |  8.1
Spellcasting   | 3 |  3.0
Conjurations   | 5 6 |  6.9
Hexes          | 1 2 3 4 |  4.4
Dodging        | |  2.4

Action                   |  1- 3 |  4- 6 |  7- 9 || total
-------------------------+-------+-------+-------++-------
Melee: Unarmed           |     1 |       |       ||     1
       Dagger            |     9 |       |       ||     9
       Short sword       |    14 |    15 |    26 ||    55
 Fire: Blowgun           |       |    24 |     6 ||    30
 Cast: Magic Dart        |    84 |   185 |    95 ||   364
       Dazzling Spray    |       |     5 |    14 ||    19
Evoke: Wand              |       |       |     9 ||     9
  Use: Scroll            |       |     5 |     2 ||     7
       Potion            |       |     3 |       ||     3
 Stab: Invisible         |       |     2 |       ||     2
  Eat: Chunk             |    10 |    11 |    10 ||    31
Armor: Robe              |    19 |     5 |     6 ||    30
       Skin              |       |    30 |       ||    30
Dodge: Dodged            |    58 |    39 |    45 ||   142

Table legend:
 A = Spawn XP
 B = Non-spawn XP
 C = Spawn XP percentage of total XP
 D = Spawn monster count
 E = Non-spawn monster count
 F = Spawn count percentage of total count
 G = Total turns spent on level
                    A         B        C        D         E        F      G
               +---------+---------+-------+---------+---------+-------+---------
         Total |       0 |    1463 |   0.0 |       0 |     129 |   0.0 |  7538
               +---------+---------+-------+---------+---------+-------+---------
           D:1 |       0 |      77 |   0.0 |       0 |      38 |   0.0 |  1628
           D:2 |       0 |     105 |   0.0 |       0 |      25 |   0.0 |  1259
           D:3 |       0 |     124 |   0.0 |       0 |      26 |   0.0 |  1297
           D:4 |       0 |     871 |   0.0 |       0 |      28 |   0.0 |  2537
           D:5 |       0 |     286 |   0.0 |       0 |      12 |   0.0 |   678
               +---------+---------+-------+---------+---------+-------+---------
